 Dungeon Crawl Stone Soup version 0.24.0-10-g970556be89 (console) character file.

Game seed: 12189828991079342701, levelgen mode: deterministic

183 AlterAsc the Ruffian (level 5, -3/47 HPs)
             Began as a Ghoul Fighter on Nov 3, 2019.
             Was an Initiate of Okawaru.
             Slain by an ogre
             ... wielding a +0 giant club
              (19 damage)
             ... on level 4 of the Dungeon.
             The game lasted 00:07:13 (2385 turns).

AlterAsc the Ruffian (Ghoul Fighter)                Turns: 2385, Time: 00:07:13

Health: -3/47      AC:  8    Str: 21    XL:     5   Next: 62%
Magic:  4/4        EV:  7    Int:  3    God:    Okawaru [......]
Gold:   167        SH:  9    Dex:  8    Spells: 4/4 levels left

rFire    . . .     SeeInvis .     - Unarmed
rCold    + . .     Gourm    .   b - +0 shield
rNeg     + + +     Faith    .   a - +0 scale mail
rPois    ∞         Spirit   .   (no helmet)
rElec    .         Reflect  .   (no cloak)
rCorr    .         Harm     .   (no gloves)
MR       .....                  i - +1 pair of boots
Stlth    ..........             (no amulet)
HPRegen  0.00/turn              (no ring)
MPRegen  0.09/turn              (no ring)

@: rotting
A: rotting body, claws 1, carnivore, cold resistance 1, negative energy
resistance 3, inhibited regeneration, torment resistance, unbreathing
a: Renounce Religion


You were on level 4 of the Dungeon.
You worshipped Okawaru.
Okawaru was noncommittal.
You were not hungry.

You visited 1 branch of the dungeon, and saw 4 of its levels.

You collected 167 gold pieces.

Inventory:

Armour
 a - a +0 scale mail (worn)
 b - a +0 shield (worn)
 e - a +0 pair of boots
 i - a +1 pair of boots (worn)
Wands
 l - a wand of paralysis (4)
Scrolls
 g - 5 scrolls of identify {unknown}
 h - 3 scrolls of remove curse {unknown}
 k - a scroll of blinking {unknown}
 m - a scroll of enchant weapon {unknown}
Potions
 c - a potion of might
 f - 2 potions of curing {unknown}
 j - a potion of degeneration {unknown}
Comestibles
 d - 7 rations


   Skills:
 + Level 4.4 Fighting
 - Level 3.1 Armour
 - Level 3.1 Shields
 * Level 4.7 Unarmed Combat


You had 4 spell levels left.
You didn't know any spells.
Your spell library was empty.

Dungeon Overview and Level Annotations

Branches:
Dungeon (4/15)
 Temple: D:4-7

Altars:
Okawaru
The Shining One


Innate Abilities, Weirdness & Mutations

Your body is rotting away.
You thrive on raw meat.
You are immune to poison.
You have sharp fingernails.
You are carnivorous and can eat meat at any time.
Your flesh is cold resistant. (rC+)
You are immune to negative energy. (rN+++)
You do not regenerate when monsters are visible.
You are immune to unholy pain and torment.
You can survive without breathing.


Message History

The ogre hits you with a +0 giant club!
You scratch the ogre.
The ogre is moderately wounded.
You block the centaur skeleton's attack.
The phantom hits you but does no damage.
You claw the ogre!
The ogre is heavily wounded.
The centaur skeleton hits you. The ogre hits you with a +0 giant club.
The phantom hits you but does no damage.
You block the centaur skeleton's attack.
You claw the ogre!
The ogre is almost dead.
The phantom completely misses you.
You block the centaur skeleton's attack.
The ogre closely misses you. You block the phantom's attack.
You scratch the ogre but do no damage.
The ogre is almost dead.
The centaur skeleton hits you.
The ogre hits you with a +0 giant club!!
You die...

#### ....#. #.#.
#.#.#.... .....
#.#....# #...
......# #....
#.....##
#...##......#
###..........##..
#.....<.#........
###.....W@O......
#.....Z........
#.......?......
#............##
####.........#
....##.....#
#..... .....#
#.#... ...#..


You could see a phantom, an ogre and a centaur skeleton.

Vanquished Creatures
  An orc wizard (D:3)
  9 adders
  A worm (D:2)
  3 dart slugs
  4 orcs (D:3)
  2 ball pythons (D:2)
  2 giant cockroaches
  3 goblins
  6 hobgoblins
  4 jackals
  6 kobolds
  4 quokkas
  10 bats
  3 frilled lizards
  6 rats
64 creatures vanquished.

Notes
Turn   | Place    | Note
-------+----------+-------------------------------------------
     0 | D:1      | AlterAsc the Ghoul Fighter began the quest for the Orb.
     0 | D:1      | Reached XP level 1. HP: 19/19 MP: 0/0
   161 | D:1      | Reached XP level 2. HP: 25/26 MP: 1/1
   643 | D:2      | Reached XP level 3. HP: 29/31 MP: 2/2
   834 | D:2      | Reached XP level 4. HP: 40/40 MP: 3/3
   896 | D:2      | Found a glowing golden altar of the Shining One.
   951 | D:2      | Found an iron altar of Okawaru.
   959 | D:2      | Became a worshipper of Warmaster Okawaru
  1668 | D:3      | Reached XP level 5. HP: 45/46 MP: 4/4
  2364 | D:4      | Noticed a phantom
  2375 | D:4      | Noticed an ogre
  2385 | D:4      | Slain by an ogre

Levels and vault maps discovered:
D:1:      scummos_arrival_star, layout_rooms, minmay_misc_feat_alley,
          palyth_stone_intersect
D:2:      layout_basic, nicolae_overflow_crystal_walls, old_standard_altar,
          first_ration
D:3:      layout_basic
D:4:      layout_cave_pools, nicolae_overflow_hidden_temple, grunt_decor_cap

Skill      XL: |  1  2  3  4 |
---------------+-------------+-----
Shields        | 3 |  3.1
Armour         | 3 |  3.1
Unarmed Combat | 3 4 |  4.7
Fighting       | 4 |  4.4

Action                   |  1- 3 |  4- 6 || total
-------------------------+-------+-------++-------
Melee: Unarmed           |    92 |   184 ||   276
  Eat: Chunk             |    17 |    13 ||    30
Armor: Scale mail        |    42 |    92 ||   134
Dodge: Dodged            |    26 |    66 ||    92
Block: Shield            |    45 |    91 ||   136
